 Dungeon Crawl Stone Soup version 0.31.0-11-ge490571c62 (webtiles) character file.

Game seed: 4276239623331005151

259 browni3141 the Chopper (level 5, -3/47 HPs)
             Began as a Minotaur Fighter on Jan 27, 2024.
             Was an Initiate of Trog.
             Slain by a lemure (8 damage)
             ... led by Pikel
             ... on level 3 of the Dungeon.
             The game lasted 00:01:02 (1044 turns).

browni3141 the Chopper (Minotaur Fighter)           Turns: 1044, Time: 00:01:03

Health: -3/47      AC:  7    Str: 22    XL:     5   Next: 94%
Magic:  4/4        EV: 10    Int:  5    God:    Trog [......]
Gold:   68         SH:  4    Dex: 10    Spells: 4/4 levels left

rFire   . . .        a - +0 war axe
rCold   . . .        c - +0 buckler
rNeg    . . .        k - +1 ring mail {rPois}
rPois   +            (helmet restricted)
rElec   .            (no cloak)
rCorr   .            (no gloves)
SInv    .            (no boots)
Will    .....        (no amulet) Stlth
                     (no ring)
HPRegen 0.27/turn    (no ring)
MPRegen 0.09/turn

%: no passive effects
@: no status effects
A: horns 2, retaliatory headbutt
a: Renounce Religion


You were on level 3 of the Dungeon.
You worshipped Trog.
Trog was noncommittal.
You visited 2 branches of the dungeon, and saw 5 of its levels.

You collected 68 gold pieces.

Inventory:

Hand Weapons
 a - a +0 war axe (weapon)
Armour
 b - a +0 scale mail
 c - a +0 buckler (worn)
 k - a +1 ring mail of poison resistance (worn)
Scrolls
 e - a scroll of teleportation {unknown}
 g - a scroll of amnesia {unknown}
Potions
 d - a potion of might
 f - a potion of lignification {unknown}
 h - a potion of curing {unknown}
 i - a potion of haste {unknown}
 j - 2 potions of degeneration {unknown}


   Skills:
 + Level 4.8 Fighting
 * Level 5.0 Axes
 + Level 4.8 Armour
 + Level 4.8 Shields


You had 4 spell levels left.
You didn't know any spells.
Your spell library contained the following spells:

 Spells                   Type           Power      Damage    Failure   Level
 Blink                    Tloc           0%         N/A       83%         2
 Lesser Beckoning         Tloc           0%         N/A       83%         2
 Momentum Strike          Conj/Tloc      0%         3d8       83%         2


Dungeon Overview and Level Annotations

Branches:
Dungeon (4/15)             Temple (1/1) D:4

Altars:
Ashenzari
Cheibriados
Dithmenos
Elyvilon
Fedhas
Gozag
Hepliaklqana
Nemelex Xobeh
Qazlal
Sif Muna
Trog
Uskayaw
Wu Jian
The Shining One

Shops:
D:4 !

Annotations:
D:4 Pikel


Innate Abilities, Weirdness & Mutations

You have a pair of horns on your head.
You reflexively headbutt those who attack you in melee.


Message History

Trog welcomes you!
There is an open door here.
There is an open door here.
There is a staircase back to the Dungeon here.
You climb upwards.
Welcome back to the Dungeon!
There is a staircase to the Ecumenical Temple here.
You open the door.
Found a stone staircase leading down.
An orc and an orc priest come into view.
The orc is wielding a +1 flail of holy wrath.
The orc shouts!
The orc priest shouts!
You hear a shout!
The orc moves out of view.
You hear a shout!
An orc priest is nearby!
An orc priest is nearby!
An orc comes into view. It is wielding a +0 whip.
The orc shouts!
A lemure comes into view.
The orc closely misses you. You furiously retaliate!
You headbutt the orc.
A lemure comes into view. x2
You slash the orc!
You kill the orc!
Trog accepts your kill.
You hit the orc. You barely miss the orc priest.
The orc hits you but does no damage.
The orc priest hits you but does no damage.
Pikel, Merchant of Souls comes into view.
He is wielding a +0 whip of freezing.
Pikel shouts!
You hit the orc. Your headbutt misses the orc.
The orc is almost dead.
You hit the orc priest. The orc hits you but does no damage.
The orc priest hits you with a +0 flail.
You slash the orc!
You kill the orc!
Trog accepts your kill.
You slash the orc priest!
The orc priest miscasts a cantrip.
A lemure comes into view.
The lemure shouts!
The orc priest hits you with a +0 flail.
Things that are here:
a +1 flail of holy wrath; a boomerang; a +0 leather armour You closely miss the orc priest.
The orc priest is severely wounded.
You hit the lemure. The lemure hits you.
The orc priest calls down the wrath of Beogh upon you.
You barely resist. You block the lemure's attack. The lemure barely misses you.
The orc priest hits you but does no damage.
You slash the orc priest!
You kill the orc priest!
Trog accepts your kill.
You barely miss the lemure. You hit the lemure. The lemure hits you.
The lemure hits you!
Your Axes skill increases to level 5!
Okay, then.
The lemure attacks as it pursues you! You block the lemure's attack.
The lemure attacks as it pursues you! The lemure barely misses you.
You furiously retaliate!
You headbutt the lemure.
There is a stone staircase leading up here.
You climb upwards.
The rat squeaks loudly.
The rat completely misses you.
A ribbon worm comes into view.
There is a stone staircase leading down here.
You slash the lemure!
The lemure is heavily wounded.
You barely miss the lemure. You closely miss the rat. The rat bites you.
The lemure hits you but does no damage. The lemure hits you.
You slash the lemure! Your headbutt misses the lemure.
The lemure is almost dead.
You barely miss the lemure. You hit the rat.
You kill the rat!
Trog accepts your kill. The lemure hits you. The lemure misses you.
You hit the lemure but do no damage.
The lemure is almost dead.
You completely miss the lemure. You block the lemure's attack.
The lemure closely misses you. The lemure hits you. x2
You closely miss the lemure.
The lemure is almost dead.
You closely miss the lemure. The lemure hits you but does no damage.
The lemure hits you.
You hit the lemure.
The lemure is almost dead.
You hit the lemure. The lemure barely misses you.
The lemure hits you but does no damage.
You closely miss the lemure.
The lemure is almost dead.
You hit the lemure but do no damage. The lemure hits you.
You block the lemure's attack. The lemure barely misses you.
The lemure hits you.
You are too injured to fight recklessly!
You are too injured to fight recklessly!
You are too injured to fight recklessly!
The lemure hits you but does no damage.
You see here a scroll labelled SIVOBBUPIZ.
You hit the lemure but do no damage. Your headbutt misses the lemure.
The lemure is lightly wounded.
The lemure hits you!
You die...

...#.
..... ...
... #.#
#w#######
#5.......
#5#######
#@# #.#
#.# ...
... .....
.....
#.#####


You could see 2 lemures and a ribbon worm.

Vanquished Creatures
  A centaur (D:4)
  A hound (D:4)
  An orc priest (D:4)
  2 orc wizards (D:4)
  3 adders
  A white imp (D:4)
  9 orcs (D:4)
  4 ball pythons
  An endoplasm (D:4)
  2 giant cockroaches
  2 goblins (D:4)
  3 hobgoblins
  3 kobolds
  A frilled lizard (D:2)
  A rat (D:3)
35 creatures vanquished.

Notes
Turn   | Place    | Note
-------+----------+-------------------------------------------
     0 | D:1      | browni3141 the Minotaur Fighter began the quest for the
                  | Orb.
     0 | D:1      | Reached XP level 1. HP: 19/19 MP: 0/0
    52 | D:2      | Reached XP level 2. HP: 27/27 MP: 1/1
   100 | D:2      | Reached skill level 3 in Axes
   112 | D:3      | Noticed an earth elemental
   113 | D:3      | Found a stormy altar of Qazlal.
   115 | D:3      | Noticed a fire elemental
   116 | D:3      | Noticed a water elemental
   116 | D:3      | Noticed an air elemental
   313 | D:4      | Reached XP level 3. HP: 30/33 MP: 2/2
   314 | D:4      | Found a staircase to the Ecumenical Temple.
   323 | Temple   | Entered the Ecumenical Temple
   394 | D:4      | Found Pixtuet's Distillery.
   420 | D:4      | Noticed a centaur
   427 | D:4      | Killed a centaur
   428 | D:4      | Reached skill level 4 in Axes
   428 | D:4      | Reached XP level 4. HP: 9/41 MP: 3/3
   428 | D:4      | Reached XP level 5. HP: 11/47 MP: 4/4
   954 | Temple   | Became a worshipper of Trog the Wrathful
  1025 | D:4      | Noticed a lemure
  1025 | D:4      | Noticed a lemure
  1025 | D:4      | Noticed a lemure
  1026 | D:4      | Noticed Pikel
  1029 | D:4      | Noticed a lemure
  1032 | D:4      | Reached skill level 5 in Axes
  1044 | D:3      | Slain by a lemure

Illustrated notes

Levels and vault maps discovered:
D:1:      shiori_shiawase, layout_basic, hellmonk_ecumenical_altar_zigzags
D:2:      layout_loops_ring, basic_altar, minmay_small_reverse_x
D:3:      layout_basic, nicolae_qazlal_style_of_elements,
          gammafunk_ghost_cemetery
D:4:      layout_basic, minmay_temple_entry_statues_pillars, serial_shops,
          nicolae_shop_industrial_runoff, kennysheep_generic_room_11, uniq_pikel
Temple:   nicolae_temple_figure_eight

Skill      XL: |  1  2  3  4  5 |
---------------+----------------+-----
Axes           | 3 4 5 |  5.0
Fighting       | 4 |  4.8
Armour         | 4 |  4.8
Shields        | 4 |  4.8

Action                     |  1- 3 |  4- 6 || total
---------------------------+-------+-------++-------
  Melee: War axe           |    39 |    55 ||    94
         Headbutt          |     3 |     4 ||     7
 Armour: Scale mail        |    35 |    27 ||    62
         Ring mail         |       |    35 ||    35
  Dodge: Dodged            |    22 |    29 ||    51
  Block: Buckler           |     9 |    11 ||    20
